 Dungeon Crawl Stone Soup version 0.30-a0-358-g0d69a1922f (webtiles) character file.

Game seed: 1781698256736172126

1 MachoJfn the Sneak (level 1, 9/9 HPs)
             Began as a Spriggan Air Elementalist on Nov 10, 2022.
             Quit the game on level 1 of the Dungeon.
             The game lasted 00:01:43 (64 turns).

MachoJfn the Sneak (Spriggan Air Elementalist)        Turns: 64, Time: 00:01:43

Health: 9/9        AC:  2    Str:  4    XL:     1   Next: 16%
Magic:  5/5        EV: 17    Int: 16    God:
Gold:   0          SH:  0    Dex: 15    Spells: 4/5 levels left

rFire   . . .      SeeInvis +    (weapon restricted)
rCold   . . .      Faith    .    (no shield)
rNeg    . . .      Spirit   .    a - +0 robe
rPois   .          Reflect  .    (helmet restricted)
rElec   .          Harm     .    (no cloak)
rCorr   .          Rampage  .    (gloves unavailable)
Will    .....                    (boots unavailable)
Stlth   ++........               (no amulet)
HPRegen 0.21/turn                (no ring)
MPRegen 0.09/turn                (no ring)

@: very quick
A: very small, no large weapons, unfitting armour, see invisible, speed 3
a: no special abilities


You were on level 1 of the Dungeon.
You visited 1 branch of the dungeon, and saw 1 of its levels.

Inventory:

Armour
 a - a +0 robe (worn)


   Skills:
 + Level 2.6 Dodging
 + Level 3.0 Stealth
 + Level 2.6 Spellcasting
 + Level 0.6 Conjurations
 + Level 2.8 Air Magic


You had 4 spell levels left.
You knew the following spells:

 Your Spells              Type           Power      Damage    Failure   Level
a - Shock                 Conj/Air       28%        1d4       10%         1

Your spell library contained the following spells:

 Spells                   Type           Power      Damage    Failure   Level
 Static Discharge         Conj/Air       14%        2-3/arc   14%         2
 Swiftness                Air            11%        N/A       19%         3
 Airstrike                Air            5%         2d(1-17)  52%         4


Dungeon Overview and Level Annotations

Branches:
Dungeon (1/15)

Altars:


Innate Abilities, Weirdness & Mutations

You are very small and have problems with some larger weapons.
You are too small for most types of armour.
You have supernaturally acute eyesight. (SInv)
You cover ground extremely quickly. (Speed+++)


Message History

Welcome, MachoJfn the Spriggan Air Elementalist.
Will you be the one to retrieve the breathtaking Orb of Zot from the depths?
Press ? for a list of commands and other information.
Found a staircase leading out of the dungeon.
Press: ? - help, v - describe, . - travel The floor.
You can't go down here!
You can't go up here!
You can't go down here!
You can't go up here!
Press: ? - help, v - describe, . - travel The floor.
Sorry, I don't know how to get there.
Press: ? - help, v - describe, . - travel A granite statue.
There is a staircase leading out of the dungeon here.
As you open the gate, it creaks loudly!
You hear an angry hiss.
A ball python comes into view.
There is an open gate here.
Casting: Shock (safe; 10% risk of failure)
Confirm with . or Enter, or press ? or * to list all spells.
Aiming: Shock (safe; 10% risk of failure)
Press: ? - help, Shift-Dir - straight line, f - ball python
Aim: a ball python (64% to hit)
The zap hits the ball python.
The ball python is severely wounded.
Casting: Shock (safe; 10% risk of failure)
Confirm with . or Enter, or press ? or * to list all spells.
Aiming: Shock (safe; 10% risk of failure)
Press: ? - help, Shift-Dir - straight line, f/p - ball python
Aim: a ball python (severely wounded, 64% to hit)
The zap hits the ball python.
You kill the ball python!
Found 8 stones.
Found 15 gold pieces.
A hobgoblin comes into view.
Unknown command.
Magic courses through your body.
Char dumped successfully.
Are you sure you want to abandon this character and quit the game? (Confirm with "yes".)

......'.....<...#...⌠..
......'.........#....⌠..
......##........##......
♣.♣.♣..#.........# .....
.......#######.8.# .....
.............#...#......
.............#####......
........................
................@.......
............###.........
###########.# #.........
#...#$......g.
###.###....### ... ....#
..+....# ..#....#


You could see a hobgoblin (asleep).

Vanquished Creatures
  A ball python (D:1)
1 creature vanquished.

Notes
Turn   | Place    | Note
-------+----------+-------------------------------------------
     0 | D:1      | MachoJfn the Spriggan Air Elementalist began the quest for
                  | the Orb.
     0 | D:1      | Reached XP level 1. HP: 9/9 MP: 5/5
    64 | D:1      | Quit the game

Illustrated notes

Levels and vault maps discovered:
D:1:      wander_arrival_estate, layout_basic

Action                   || total
-------------------------++-------
 Cast: Shock             ||     2
  Use: Potion            ||     1

Table legend: (Time is in decaauts)
 A = Elapsed time spent in this place.
 B = Non-inter-level travel time spent in this place.
 C = Inter-level travel time spent in this place.
 D = Time resting spent in this place.
 E = Time spent auto-exploring this place.
 F = Levels seen in this place.
 G = Mean time per level.
                   A        B        C        D        E       F      G
               +--------+--------+--------+--------+--------+-----+--------+
         Total |     40 |      7 |     33 |      0 |      0 |   1 |   40.0 |
       Dungeon |     40 |      7 |     33 |      0 |      0 |   1 |   40.0 |
               +--------+--------+--------+--------+--------+-----+--------+

Top non-repeatable levels by time:
     D:1: 40 daAuts
